 Dungeon Crawl Stone Soup version 0.23-a0-183-gf37f6fb (webtiles) character file.

16970 George the Carver (level 12, -37/105 HPs)
             Began as a Minotaur Fighter on Sept 22, 2018.
             Was a High Priest of Okawaru.
             Killed from afar by Frances (59 damage)
             ... with an iron shot
             ... on level 12 of the Dungeon.
             The game lasted 00:26:07 (11716 turns).

George the Carver (Minotaur Fighter)               Turns: 11716, Time: 00:26:07

Health: -37/105    AC: 21    Str: 24    XL:     12   Next: 14%
Magic:  16/16      EV: 10    Int:  5    God:    Okawaru [*****.]
Gold:   600        SH:  4    Dex: 12    Spells: 11/11 levels left

rFire    . . .     SeeInvis +   a - +0 scimitar
rCold    . . .     Gourm    .   (no shield)
rNeg     . . .     Faith    .   n - +0 plate armour
rPois    +         Spirit   .   (helmet restricted)
rElec    .         Reflect  +   J - +0 cloak {rPois}
rCorr    .         Harm     .   O - +1 pair of gloves {archery}
MR       +....                  x - +2 pair of boots
Stlth    ..........             s - +4 amulet of reflection
HPRegen  0.27/turn              l - ring of see invisible
MPRegen  0.15/turn              L - ring of protection from magic

@: no status effects
A: retaliatory headbutt, horns 2
a: Heroism, Finesse, Renounce Religion


You were on level 12 of the Dungeon.
You worshipped Okawaru.
Okawaru was extremely pleased with you.
You were hungry.

You visited 2 branches of the dungeon, and saw 13 of its levels.

You collected 712 gold pieces.
You spent 112 gold pieces at shops.

Inventory:

Hand Weapons
 a - a +0 scimitar (weapon)
 b - the +5 shortbow of Xahuuf {velocity, rC+ rN+ MR-}
   (You found it on level 5 of the Dungeon)

   Any arrow fired from it inflicts extra damage.
   It protects you from cold.
   It protects you from negative energy.
   It affects your resistance to hostile enchantments.
 y - a +0 rapier
Missiles
 C - 228 arrows
Armour
 c - a +1 shield
 n - a +0 plate armour (worn)
 x - a +2 pair of boots (worn)
 J - a +0 cloak of poison resistance (worn)
 O - a +1 pair of gloves of archery (worn)
Jewellery
 l - a ring of see invisible (left hand)
 s - a +4 amulet of reflection (around neck)
 L - a ring of protection from magic (right hand)
Wands
 B - a wand of digging (6)
 D - a wand of random effects (61)
 E - a wand of flame (77)
 F - a wand of polymorph (5)
Scrolls
 e - 2 scrolls of enchant weapon {unknown}
 g - 5 scrolls of teleportation
 h - 3 scrolls of enchant armour
 i - 8 scrolls of remove curse
 k - 5 scrolls of immolation
 o - a scroll of amnesia {unknown}
 p - a scroll of holy word {unknown}
 q - a scroll of fear {unknown}
 t - 2 scrolls of magic mapping
 v - 3 scrolls of blinking {unknown}
 z - a scroll of torment {unknown}
 A - a scroll of fog {unknown}
 G - 5 scrolls of identify
 H - a scroll of silence {unknown}
 K - a scroll of vulnerability {unknown}
Potions
 d - 3 potions of might
 j - 4 potions of curing
 m - 3 potions of agility {unknown}
 r - 4 potions of flight {unknown}
 u - 4 potions of heal wounds
 w - a potion of cancellation {unknown}
 I - 2 potions of resistance
Comestibles
 f - 15 rations


   Skills:
 + Level 9.4 Fighting
 + Level 13.9 Long Blades
 + Level 7.6 Bows
 + Level 9.3 Armour
 + Level 7.8 Dodging
 - Level 4.2 Shields
 + Level 7.2 Invocations


You had 11 spell levels left.
You didn't know any spells.
Your spell library contained the following spells:

 Spells                   Type           Power        Failure   Level  Hunger
 Animate Skeleton         Necr           N/A          99%         1    ##.....
 Beastly Appendage        Tmut           #.....       99%         1    ##.....
 Confusing Touch          Hex            #.....       99%         1    ##.....
 Infusion                 Chrm           #...         99%         1    ##.....
 Pain                     Necr           #...         99%         1    ##.....
 Sandblast                Erth           #.....       99%         1    ##.....
 Passwall                 Tmut/Erth      #.......     100%        2    ###....
 Sticks to Snakes         Tmut           #.......     100%        2    ###....
 Confuse                  Hex            #.......     100%        3    ####...
 Gell's Gravitas          Tloc           #.........   100%        3    ####...
 Regeneration             Chrm/Necr      #.........   100%        3    ####...
 Spider Form              Tmut/Pois      #.........   100%        3    ####...
 Stone Arrow              Conj/Erth      #.....       100%        3    ####...
 Vampiric Draining        Necr           #.........   100%        3    ####...
 Animate Dead             Necr           N/A          100%        4    #####..
 Ice Form                 Ice/Tmut       #.......     100%        4    #####..
 Petrify                  Tmut/Erth      #.......     100%        4    #####..
 Agony                    Necr           #.......     100%        5    ######.
 Blade Hands              Tmut           #.........   100%        5    ######.
 Lee's Rapid Deconstruct  Erth           #.........   100%        5    ######.
 Metabolic Englaciation   Hex/Ice        #.........   100%        5    ######.
 Yara's Violent Unravell  Hex/Tmut       #.........   100%        5    ######.
 Death Channel            Necr           #.........   100%        6    #######
 Ring of Flames           Chrm/Fire      #.........   100%        7    #######


Dungeon Overview and Level Annotations

Branches:
Dungeon (12/15)            Temple (1/1) D:7            Lair (0/6) D:10
    Orc (0/2) D:11

Altars:
Ashenzari
Cheibriados
Dithmenos
Elyvilon
Fedhas
Gozag
Hepliaklqana
Kikubaaqudgha
Makhleb
Nemelex Xobeh
Okawaru
Qazlal
Ru
Sif Muna
Trog
Uskayaw
Vehumet
Wu Jian
Xom
Yredelemnul
Zin
The Shining One

Shops:
D:4 !   D:8 *   D:10 %

Annotations:
D:11 Snorg
D:12 Frances


Innate Abilities, Weirdness & Mutations

You reflexively headbutt those who attack you in melee.
You have a pair of horns on your head.


Message History

Press: ? - help, Shift-Dir - straight line, f/p - Frances
Aim: Frances, wielding a dire flail and wearing a leather armour (severely You shoot an arrow.
The arrow hits Frances but does no damage.
Frances is severely wounded.
Frances mutters in a terrible tongue.
The iron shot hits you!
You are too injured to fight recklessly!
You are too injured to fight recklessly!
You are too injured to fight recklessly!
Wield which item (- for none, * to show all)? (? for menu, Esc to quit)
a - a +0 scimitar (weapon)
Frances hits you with a dire flail!
* * * LOW HITPOINT WARNING * * *
You slash Frances!
Frances is almost dead.
Frances whispers indecipherable words.
The iron shot hits you!
Ouch! That really hurt!
You die...

.. ##..........
((.(....#####...........
.(.((...................
..(.....................
....((..................
....(.(.................
......4.......###.......
......@.......##...(....
.......@...........#....
........#..........#.)..
...}((..#..........).<..
.....#####...####.[..[..
..... #...# ##.....(.
.... #######......#. ...
#.......#. ...
#......### #......###


You could see Frances and an ice devil.

Vanquished Creatures
  Harold (D:11)
  3 two-headed ogres
  2 cyclopes (D:11)
  2 manticores
  A kobold demonologist (D:11)
  3 trolls
  A hornet (D:11)
  A hippogriff (D:8)
  2 centaur simulacra (D:9)
  A shadow (D:11)
  A wyvern (D:6)
  Grum (D:9)
  20 yaks
  A hungry ghost (D:9)
  An acid dragon (D:11)
  A water moccasin (D:8)
  4 sky beasts
  A meliai simulacrum (D:9)
  10 orc warriors
  A hornet zombie (D:9)
  A phantom (D:4)
  5 ice beasts
  3 necrophages
  An ogre (D:5)
  5 wolves
  11 centaurs
  A crocodile (D:8)
  7 big kobolds
  Blork the orc (D:4)
  4 bullfrogs
  2 gnoll sergeants
  6 scorpions
  4 wights (D:9)
  4 electric eels
  3 howler monkeys
  5 crimson imps
  A quasit (D:11)
  2 bullfrog zombies
  6 hounds
  11 orc priests
  5 centaur zombies
  A centaur skeleton (D:8)
  3 jellies
  15 orc wizards
  Ijyb (D:5)
  Natasha (thrice) (D:2)
  An iguana (D:12)
  6 worker ants
  2 hound skeletons
  A mummy (D:9)
  2 worker ant zombies
  Robin (D:4)
  9 gnolls
  16 adders
  3 shadow imps
  2 adder skeletons
  2 worms (D:3)
  4 leopard geckos
  55 orcs
  9 bats
  3 giant cockroaches
  14 goblins
  13 hobgoblins
  13 jackals
  26 kobolds
  7 quokkas
  3 ball pythons
  2 frilled lizards
  A leopard gecko skeleton (D:5)
  A quokka skeleton (D:5)
  2 quokka zombies
  7 rats
374 creatures vanquished.

Notes
Turn   | Place    | Note
-------+----------+-------------------------------------------
     0 | D:1      | George the Minotaur Fighter began the quest for the Orb.
     0 | D:1      | Reached XP level 1. HP: 19/19 MP: 0/0
   153 | D:1      | Reached skill level 3 in Long Blades
   165 | D:1      | Found a shattered altar of Ashenzari.
   208 | D:1      | Reached XP level 2. HP: 26/26 MP: 1/1
   573 | D:1      | Reached skill level 4 in Long Blades
   688 | D:2      | Reached XP level 3. HP: 31/31 MP: 2/2
   797 | D:2      | Reached skill level 5 in Long Blades
   948 | D:2      | Reached XP level 4. HP: 36/39 MP: 3/3
  1037 | D:2      | Found a sparkling altar of Nemelex Xobeh.
  1208 | D:2      | Noticed Natasha
  1215 | D:2      | Killed Natasha
  1358 | D:3      | Reached skill level 6 in Long Blades
  1708 | D:3      | Reached XP level 5. HP: 45/45 MP: 4/4
  1957 | D:4      | Noticed a sky beast
  1967 | D:4      | Killed a sky beast
  1967 | D:4      | Reached skill level 7 in Long Blades
  1993 | D:4      | Noticed Robin
  2048 | D:4      | Reached XP level 6. HP: 26/51 MP: 5/5
  2312 | D:4      | Killed Robin
  2314 | D:4      | Reached skill level 8 in Long Blades
  2427 | D:4      | Found Negaoh's Distillery.
  2436 | D:4      | Bought a potion of curing for 42 gold pieces
  2436 | D:4      | Bought a potion of heal wounds for 70 gold pieces
  2525 | D:4      | Noticed Blork the orc
  2539 | D:4      | Killed Blork the orc
  2558 | D:4      | Reached skill level 9 in Long Blades
  2878 | D:5      | Entered Level 5 of the Dungeon
  2881 | D:5      | Reached XP level 7. HP: 57/57 MP: 6/6
  2926 | D:5      | Reached skill level 10 in Long Blades
  3179 | D:5      | Found an iron altar of Okawaru.
  3186 | D:5      | Became a worshipper of Warmaster Okawaru
  3359 | D:5      | Got a twisted shortbow
  3555 | D:5      | Reached skill level 1 in Dodging
  3611 | D:5      | Noticed Ijyb
  3616 | D:5      | Reached skill level 1 in Invocations
  3629 | D:5      | Killed Ijyb
  3667 | D:5      | Reached * piety under Okawaru
  3667 | D:5      | Reached XP level 8. HP: 66/66 MP: 6/8
  3796 | D:5      | Identified the +5 shortbow of Xahuuf {velocity, rC+ rN+
                  | MR-} (You found it on level 5 of the Dungeon)
  3926 | D:2      | Noticed Natasha
  3930 | D:2      | Killed Natasha
  4004 | D:2      | Noticed Natasha
  4009 | D:2      | Killed Natasha
  4755 | D:6      | Reached skill level 1 in Bows
  5218 | D:6      | Reached skill level 11 in Long Blades
  5241 | D:6      | Reached ** piety under Okawaru
  5241 | D:6      | Reached skill level 5 in Fighting
  5241 | D:6      | Reached skill level 5 in Armour
  5576 | D:7      | Reached XP level 9. HP: 74/74 MP: 10/10
  5927 | D:7      | Found a staircase to the Ecumenical Temple.
  5936 | Temple   | Entered the Ecumenical Temple
  6450 | D:8      | Found an opulent altar of Gozag.
  6614 | D:8      | Noticed a two-headed ogre
  6624 | D:8      | Killed a two-headed ogre
  6624 | D:8      | Reached *** piety under Okawaru
  6671 | D:8      | Reached skill level 12 in Long Blades
  6811 | D:8      | Received a gift from Okawaru
  6918 | D:8      | Found Gozag's Platinum Reserve.
  6940 | D:8      | Reached XP level 10. HP: 65/84 MP: 12/12
  6969 | D:8      | Found a hide-covered altar of Uskayaw.
  6996 | D:8      | Found a radiant altar of Vehumet.
  6999 | D:8      | Found a shadowy altar of Dithmenos.
  7002 | D:8      | Found a blossoming altar of Fedhas.
  7359 | D:9      | Reached skill level 5 in Dodging
  7368 | D:9      | Reached **** piety under Okawaru
  7594 | D:9      | Found a transporter.
  7594 | D:9      | Noticed Grum
  7613 | D:9      | Killed Grum
  7624 | D:9      | Reached skill level 5 in Bows
  7801 | D:9      | Found a bloodstained altar of Trog.
  7863 | D:9      | Reached skill level 5 in Invocations
  7994 | D:9      | Found a transporter.
  8589 | D:10     | Entered Level 10 of the Dungeon
  8711 | D:10     | Reached skill level 13 in Long Blades
  8740 | D:10     | Noticed a manticore
  8747 | D:10     | Killed a manticore
  8747 | D:10     | Reached ***** piety under Okawaru
  8973 | D:10     | Reached XP level 11. HP: 93/93 MP: 14/14
  9031 | D:10     | Found a staircase to the Lair.
  9211 | D:10     | Noticed a two-headed ogre
  9220 | D:10     | Killed a two-headed ogre
  9289 | D:10     | Found Fiqugila's Food Boutique.
  9399 | D:10     | Received a gift from Okawaru
  9876 | D:11     | Noticed Snorg
 10764 | D:11     | Identified the Tome of Dark Enhancements
 10766 | D:11     | Found a staircase to the Orcish Mines.
 10958 | D:11     | Noticed Harold
 10976 | D:11     | Killed Harold
 11280 | D:12     | Noticed a two-headed ogre
 11287 | D:12     | Killed a two-headed ogre
 11434 | D:11     | Reached XP level 12. HP: 82/104 MP: 16/16
 11704 | D:12     | Noticed Frances
 11716 | D:12     | Killed from afar by Frances

Vault maps used:
D:1:      minmay_arrival_shoal_huts, nicolae_ashenzari_panopticon
D:2:      nemelex_xobeh_ov_fountains_minmay, solitary_fountain, minivault_11,
          uniq_natasha
D:3:      first_ration
D:4:      serial_shops, shop, uniq_robin, uniq_blork_the_orc
D:5:      okawaru_ov_weapons_minmay, hangedman_decor_riveting, uniq_ijyb
D:6:      minmay_diamond_boxcup, kennysheep_potato
D:7:      minmay_temple_entry_poolview
D:8:      nicolae_gozag_zags_fifth_avenue, minitemple
D:9:      gammafunk_cloud_chamber, lemuel_doored_altar, serial_undead,
          serial_undead_d, serial_undead_d, serial_undead_a, serial_undead_d,
          serial_undead_d, serial_undead_b, uniq_grum
D:10:     erik_lair_island, serial_shops, shop_statue
D:11:     erik_orc_2, uniq_harold, uniq_snorg
D:12:     ebering_ghost_gozag, uniq_gastronok, uniq_frances
Temple:   jpeg_temple_clearing

Skill      XL: |  1  2  3  4  5  6  7  8  9 10 11 |
---------------+----------------------------------+-----
Long Blades    | 3 4 5 6 7 9 10 11 12 13 | 13.9
Dodging        | 1 3 4 6 7 |  7.8
Fighting       | 4 5 6 7 9 |  9.4
Armour         | 4 5 6 7 9 |  9.3
Shields        | 4 |  4.2
Invocations    | 1 2 4 5 7 |  7.2
Bows           | 2 4 5 7 |  7.6

Action                   |  1- 3 |  4- 6 |  7- 9 | 10-12 || total
-------------------------+-------+-------+-------+-------++-------
Melee: Long sword        |   111 |   132 |   212 |   219 ||   674
       Headbutt          |    17 |    30 |    48 |    77 ||   172
       Scimitar          |       |       |       |    35 ||    35
 Fire: Shortbow          |       |       |   178 |   480 ||   658
Evoke: Wand              |       |       |     2 |       ||     2
  Use: Scroll            |       |     9 |     2 |     1 ||    12
  Eat: Chunk             |       |     6 |     7 |    11 ||    24
       Ration            |       |       |     2 |     2 ||     4
Armor: Scale mail        |    47 |    45 |     6 |       ||    98
       Chain mail        |       |       |    34 |       ||    34
       Plate armour      |       |       |    37 |   216 ||   253
Dodge: Dodged            |    25 |    27 |    35 |   166 ||   253
Block: Shield            |    49 |    68 |   100 |    22 ||   239
       Reflection        |       |     2 |     3 |     4 ||     9
       Other             |       |       |    12 |    64 ||    76
       Rpst.: Long sword |     6 |     4 |     7 |    18 ||    35
       Scimitar          |       |       |       |     2 ||     2

Table legend:
 A = Non-vault XP
 B = Vault XP
 C = Vault XP percentage of total XP
 D = Non-vault monster count
 E = Vault monster count
 F = Vault count percentage of total count
                 A         B        C        D         E       F
            +---------+---------+-------+---------+---------+-------
      Total |   19198 |    5045 |  20.8 |     303 |      71 |  19.0
            +---------+---------+-------+---------+---------+-------
        D:1 |      29 |       0 |   0.0 |      16 |       0 |   0.0
        D:2 |     141 |      36 |  20.3 |      30 |       1 |   3.2
        D:3 |      72 |       2 |   2.7 |      13 |       1 |   7.1
        D:4 |     393 |     131 |  25.0 |      11 |      13 |  54.2
        D:5 |     729 |      36 |   4.7 |      24 |       1 |   4.0
        D:6 |     523 |     414 |  44.2 |      12 |       6 |  33.3
        D:7 |     911 |       0 |   0.0 |      24 |       0 |   0.0
        D:8 |    2547 |       0 |   0.0 |      29 |       0 |   0.0
        D:9 |    1414 |    1966 |  58.2 |      25 |      19 |  43.2
       D:10 |    3487 |     768 |  18.0 |      40 |       8 |  16.7
       D:11 |    5864 |    1692 |  22.4 |      60 |      22 |  26.8
       D:12 |    3088 |       0 |   0.0 |      19 |       0 |   0.0
            +---------+---------+-------+---------+---------+-------
